 Dungeon Crawl Stone Soup version 0.29-a0-393-g47a863cc1b (webtiles) character file.

Game seed: 14643410386872709548

5 rocky1 the Sneak (level 1, -3/14 HPs)
             Began as a Gargoyle Delver on May 10, 2022.
             Slain by a hound (4 damage)
             ... on level 5 of the Dungeon.
             The game lasted 00:00:27 (24 turns).

rocky1 the Sneak (Gargoyle Delver)                    Turns: 24, Time: 00:00:27

Health: -3/14      AC:  5    Str: 15    XL:     1   Next: 80%
Magic:  1/1        EV: 11    Int: 10    God:
Gold:   0          SH:  0    Dex: 11    Spells: 0/0 levels left

rFire   . . .      SeeInvis .   a - +0 mace
rCold   . . .      Faith    .   (no shield)
rNeg    + . .      Spirit   .   b - +0 leather armour
rPois   ∞          Reflect  .   (no helmet)
rElec   +          Harm     .   (no cloak)
rCorr   .          Rampage  .   (no gloves)
Will    .....                   (no boots)
Stlth   +++.......              (no amulet)
HPRegen 0.04/turn               (no ring)
MPRegen 0.07/turn               (no ring)

@: hasted, very quick
A: sickness immunity, AC +2, negative energy resistance 1, electricity
resistance, torment resistance 1, petrification resistance
a: no special abilities


You were on level 5 of the Dungeon.
You visited 1 branch of the dungeon, and saw 1 of its levels.

Inventory:

Hand Weapons
 a - a +0 mace (weapon)
Armour
 b - a +0 leather armour (worn)
Wands
 g - a wand of digging (3)
Scrolls
 c - a scroll of fog
 d - a scroll of magic mapping
 e - a scroll of fear


   Skills:
 - Level 3.2 Fighting
 + Level 2.5 Maces & Flails
 - Level 1.5 Dodging
 - Level 5.4 Stealth


You couldn't memorise any spells.
You didn't know any spells.
Your spell library was empty.

Dungeon Overview and Level Annotations

Branches:
Dungeon (5/15)
 Temple: D:4-7

Altars:


Innate Abilities, Weirdness & Mutations

You are immune to sickness and miasma.
Your stone body is resilient. (AC +2)
You are immune to poison.
You resist negative energy. (rN+)
You are resistant to electric shocks. (rElec)
You are resistant to unholy torment.
You are immune to petrification.


Message History

The ufetubus is severely wounded.
The hound bites you. The ufetubus barely misses you.
The ufetubus hits you but does no damage.
The hound barely misses you.
The ufetubus hits you but does no damage.
The ufetubus barely misses you.
You closely miss the ufetubus.
The ufetubus is heavily wounded.
The ufetubus closely misses you. The ufetubus hits you. The hound bites you.
You hit the ufetubus.
You kill the ufetubus!
The hound misses you.
You hit the iguana but do no damage.
The hound bites you but does no damage. x2
You hit the iguana.
The iguana is lightly wounded.
The iguana bites you. The hound bites you but does no damage.
You hit the iguana but do no damage.
The iguana is lightly wounded.
The hound misses you. The iguana bites you.
* * * LOW HITPOINT WARNING * * *
You hit the iguana.
The iguana is moderately wounded.
The hound bites you.
* * * LOW HITPOINT WARNING * * *
The iguana closely misses you.
You hit the iguana.
The iguana is severely wounded.
The hound closely misses you. The hound bites you.
* * * LOW HITPOINT WARNING * * *
The iguana misses you.
You barely miss the iguana.
The iguana is severely wounded.
The hound bites you but does no damage. The iguana barely misses you.
You hit the iguana but do no damage.
The iguana is severely wounded.
The hound bites you but does no damage.
You hit the iguana.
The iguana is severely wounded.
The hound bites you.
You die...

......#.#..##
............
............##
.............#
.............
...........#
...........#
..........###
#......>..l@#
..........h##
.........###
.........#
.......>##
.........#
##.......#
##.....##
.....###


You could see an iguana and a hound.

Vanquished Creatures
  An ufetubus (D:5)
1 creature vanquished.

Notes
Turn   | Place    | Note
-------+----------+-------------------------------------------
     0 | D:5      | rocky1 the Gargoyle Delver began the quest for the Orb.
     0 | D:5      | Reached XP level 1. HP: 14/14 MP: 1/1
     3 | D:5      | Noticed an iguana
     4 | D:5      | Noticed a hound
    24 | D:5      | Slain by a hound

Illustrated notes

Levels and vault maps discovered:
D:5:      layout_cave_pools, minmay_temple_entry_glass, serial_column_ruins,
          column_ruins_corridor_plus, column_ruins_columns_corner,
          column_ruins_corridor_straight, column_ruins_grid_3

Action                   || total
-------------------------++-------
Melee: Mace              ||    15
  Use: Potion            ||     1
Armor: Leather armour    ||    17
Dodge: Dodged            ||    23

Table legend: (Time is in decaauts)
 A = Elapsed time spent in this place.
 B = Non-inter-level travel time spent in this place.
 C = Inter-level travel time spent in this place.
 D = Time resting spent in this place.
 E = Time spent auto-exploring this place.
 F = Levels seen in this place.
 G = Mean time per level.
                   A        B        C        D        E       F      G
               +--------+--------+--------+--------+--------+-----+--------+
         Total |     22 |     22 |      0 |      0 |      1 |   1 |   22.0 |
       Dungeon |     22 |     22 |      0 |      0 |      1 |   1 |   22.0 |
               +--------+--------+--------+--------+--------+-----+--------+

Top non-repeatable levels by time:
     D:5: 22 daAuts
